 Dungeon Crawl Stone Soup version 0.25.0-46-gbd7b0854d2 (console) character file.

Game seed: 17706088791798937782

86 Colgate the Skirmisher (level 4, 0/28 HPs)
             Began as a Spriggan Wanderer on July 16, 2020.
             Shot with a stone by a goblin (2 damage)
             ... on level 3 of the Dungeon.
             The game lasted 00:19:46 (2122 turns).

Colgate the Skirmisher (Spriggan Wanderer)          Turns: 2122, Time: 00:19:47

Health: 0/28       AC:  2    Str:  9    XL:     4   Next: 27%
Magic:  5/5        EV: 18    Int: 13    God:
Gold:   118        SH:  0    Dex: 15    Spells: 3/3 levels left

rFire    . . .     SeeInvis +   l - +1 short sword (protect)
rCold    . . .     Gourm    .   (shield restricted)
rNeg     . . .     Faith    .   d - +0 robe
rPois    .         Spirit   .   (helmet restricted)
rElec    .         Reflect  .   (no cloak)
rCorr    .         Harm     .   (gloves unavailable)
MR       .....                  (boots unavailable)
Stlth    ++........             (no amulet)
HPRegen  0.09/turn              (no ring)
MPRegen  0.09/turn              (no ring)

@: very quick
A: very small, unfitting armour, see invisible, herbivore, speed 3, slow
metabolism 2
a: no special abilities


You were on level 3 of the Dungeon.
You were not hungry.

You visited 1 branch of the dungeon, and saw 3 of its levels.

You collected 118 gold pieces.

Inventory:

Hand Weapons
 a - a +2 spear
 b - a +0 mace
 i - a +2 dagger of protection
 l - a +1 short sword of protection (weapon)
Missiles
 e - 6 poisoned darts (quivered)
 h - 5 boomerangs
 k - 35 stones
Armour
 d - a +0 robe (worn)
Scrolls
 g - a scroll of amnesia {unknown}
 j - a scroll of noise {unknown}
 o - a scroll of remove curse {unknown}
Potions
 c - a potion of lignification
 m - a potion of magic {unknown}
 n - 2 potions of haste {unknown}
 p - a potion of invisibility {unknown}
Comestibles
 f - 4 rations


   Skills:
 - Level 6.0 Fighting
 + Level 1.3 Short Blades
 - Level 1.0 Throwing
 - Level 3.0 Dodging
 - Level 1.5 Stealth


You had 3 spell levels left.
You didn't know any spells.
Your spell library was empty.

Dungeon Overview and Level Annotations

Branches:
Dungeon (3/15)

Altars:


Innate Abilities, Weirdness & Mutations

You are very small and have problems with some larger weapons.
You are too small for most types of armour.
You have supernaturally acute eyesight. (SInv)
You are a herbivore.
You cover ground extremely quickly.
You need to consume almost no food.


Message History

Press: ? - help, Shift-Dir - straight line, f/p - goblin
Aim: a goblin, wielding a +0 dagger (severely wounded, poisoned)
You throw a poisoned dart. The poisoned dart hits the goblin.
The goblin looks even sicker.
The goblin is severely wounded.
You kill the goblin!
A goblin comes into view.
A goblin comes into view.
You are too injured to fight recklessly!
The goblin is too close now for your liking.
The goblin is too close now for your liking.
A kobold comes into view.
The kobold shouts!
You hear a shout!
The kobold throws a stone.
The stone closely misses you.
You see here a stone.
The goblin shouts! x2
The goblin wields a +0 hunting sling.
The goblin shoots a stone.
The stone hits you.
* * * LOW HITPOINT WARNING * * *
You see here a stone.
The goblin shoots a stone.
The stone hits you.
You die...

....... ....... .......
...=... ....... ######
....... ##.....##
....g..## ####.......#
.......@###.........(.
..........#...>..(....
........#(#...........
........#...)(..?.....
........###...(........
.......###(..†..((....#
......##..............#
.##### #............[.#
##..(##g...(....##
##.................
###...†$##..K.....#


You could see a goblin.

Vanquished Creatures
  2 adders
  A worm (D:2)
  A dart slug (D:1)
  2 leopard geckos (D:1)
  5 giant cockroaches
  6 goblins
  10 hobgoblins
  7 jackals
  A quokka (D:2)
  5 ball pythons
  5 bats
  2 frilled lizards (D:1)
  5 kobolds
  3 rats
55 creatures vanquished.

Notes
Turn   | Place    | Note
-------+----------+-------------------------------------------
     0 | D:1      | Colgate the Spriggan Wanderer began the quest for the Orb.
     0 | D:1      | Colgate set off with the following items: a +2 spear, a +0
                  | mace, a potion of lignification, a +0 robe, a ration
     0 | D:1      | Reached XP level 1. HP: 14/14 MP: 2/2
    48 | D:1      | Reached skill level 5 in Fighting
   260 | D:1      | You fall into a shaft and drop 1 floor!
   268 | D:2      | Reached XP level 2. HP: 18/18 MP: 3/3
   545 | D:1      | Reached XP level 3. HP: 23/23 MP: 4/4
  1837 | D:2      | Reached skill level 6 in Fighting
  1840 | D:2      | Reached XP level 4. HP: 28/28 MP: 5/5
  2042 | D:3      | Reached skill level 1 in Short Blades
  2122 | D:3      | Shot with a stone by a goblin

Illustrated notes

Levels and vault maps discovered:
D:1:      matt_arrival_diagonals, layout_loops_corners
D:2:      layout_basic
D:3:      layout_rooms, kennysheep_cross_bottleneck, kennysheep_generic_room_13

Skill      XL: |  1  2  3  4 |
---------------+-------------+-----
Fighting       | 5 6 |  6.0
Short Blades   | 1 |  1.3
Throwing       | |  1.0
Dodging        | |  3.0
Stealth        | |  1.5

Action                   |  1- 3 |  4- 6 || total
-------------------------+-------+-------++-------
Melee: Spear             |    21 |       ||    21
       Dagger            |    23 |       ||    23
       Short sword       |    86 |    34 ||   120
Throw: Dart              |    47 |    10 ||    57
       Boomerang         |     8 |       ||     8
       Stone             |     7 |       ||     7
 Stab: Sleeping          |     3 |       ||     3
Armor: Robe              |    14 |    34 ||    48
Dodge: Dodged            |    89 |   160 ||   249
